 Dungeon Crawl Stone Soup version 0.26.0-8-g74fc34ddfb (webtiles) character file.

Game seed: 10680457348261747255

161 raceaflais the Skirmisher (level 5, 0/54 HPs)
             Began as an Ogre Warper on Jan 12, 2021.
             Slain by a lemure (8 damage)
             ... led by Pikel
             ... on level 5 of the Dungeon.
             The game lasted 00:10:29 (4969 turns).

raceaflais the Skirmisher (Ogre Warper)             Turns: 4969, Time: 00:10:30

Health: 0/54       AC:  5    Str: 16    XL:     5   Next: 42%
Magic:  10/10      EV: 10    Int: 14    God:
Gold:   206        SH:  0    Dex:  8    Spells: 11/11 levels left

rFire    + + .     SeeInvis .   n - +2 war axe of Invincibility {flame, +Rage rF++ rC-}
rCold    x . .     Faith    .   (no shield)
rNeg     . . .     Spirit   .   b - +2 robe
rPois    .         Reflect  .   (helmet restricted)
rElec    .         Harm     .   (no cloak)
rCorr    .         Rampage  .   (gloves unavailable)
Will     .....                  (boots unavailable)
Stlth    +.........             l - amulet of magic regeneration
HPRegen  0.18/turn              y - ring of flight
MPRegen  0.37/turn              (no ring)

@: about to teleport
A: large, unfitting armour, tough skin 1
a: Evoke Berserk Rage, Evoke Flight


You were on level 5 of the Dungeon.
You visited 1 branch of the dungeon, and saw 5 of its levels.

You collected 206 gold pieces.

Inventory:

Hand Weapons
 a - a +0 spear
 n - the +2 war axe of Invincibility (weapon) {flame, +Rage rF++ rC-}
   (You found it on level 4 of the Dungeon)

   It has been specially enchanted to burn those struck by it, causing extra
   injury to most foes and up to half again as much damage against particularly
   susceptible opponents.
   Big, fiery blades are also staple armaments of hydra-hunters.
   It greatly protects you from fire.
   It makes you vulnerable to cold.
   It lets you go berserk.
Missiles
 d - 24 poisoned darts
 e - 2 boomerangs of dispersal (quivered)
Armour
 b - a +2 robe (worn)
Jewellery
 f - an uncursed amulet of reflection
 k - a cursed -4 ring of evasion
 l - an amulet of magic regeneration (around neck)
 y - a ring of flight (left hand)
Scrolls
 g - a scroll of identify
 m - a scroll of blinking
Potions
 h - a potion of brilliance


   Skills:
 + Level 4.1 Fighting
 + Level 1.2(1.5) Short Blades
 + Level 1.2(1.5) Long Blades
 + Level 1.3(2.9) Axes
 + Level 1.2(1.8) Maces & Flails
 + Level 3.6(3.9) Polearms
 + Level 1.3(2.9) Staves
 + Level 1.0(1.3) Slings
 + Level 1.0 Bows
 + Level 1.3 Crossbows
 + Level 1.8(2.1) Throwing
 + Level 1.7 Armour
 + Level 3.0 Dodging
 + Level 1.2 Stealth
 + Level 1.5 Shields
 + Level 1.2 Unarmed Combat
 + Level 3.6 Spellcasting
 + Level 1.2 Conjurations
 + Level 1.2 Hexes
 + Level 1.2 Summonings
 + Level 1.2 Necromancy
 + Level 3.4 Translocations
 + Level 1.2 Transmutations
 + Level 1.2 Fire Magic
 + Level 1.2 Ice Magic
 + Level 1.2 Air Magic
 + Level 1.2 Earth Magic
 + Level 1.2 Poison Magic
 + Level 2.5 Invocations
 + Level 1.1 Evocations


You had 11 spell levels left.
You didn't know any spells.
Your spell library contained the following spells:

 Spells                   Type           Power        Failure   Level
 Blink                    Tloc           N/A          8%          2
 Gell's Gravitas          Tloc           6%           14%         3
 Lesser Beckoning         Tloc           6%           14%         3
 Teleport Other           Tloc           12%          14%         3
 Passage of Golubria      Tloc           N/A          43%         4


Dungeon Overview and Level Annotations

Branches:
Dungeon (5/15)
 Temple: D:4-7

Altars:
Okawaru
Yredelemnul
The Shining One

Annotations:
D:4 Edmund, Pikel


Innate Abilities, Weirdness & Mutations

You are too large for most types of armour.
You have tough skin. (AC +1)


Message History

The lemure is lightly wounded.
The lemure hits you. The lemure hits you.
Edmund hits you with a +1 vorpal flail! Edmund hits you with a +1 vorpal flail.
The lemure hits you but does no damage. Edmund closely misses you.
Pikel says, "I touched Geryon's horn once."
The lemure hits you!
* * * LOW HITPOINT WARNING * * *
The lemure closely misses you.
There is a stone staircase leading down here.
Pikel says, "I touched Geryon's horn once."
The lemure closely misses you. The lemure hits you.
* * * LOW HITPOINT WARNING * * *
You climb downwards.
Found a stone staircase leading down.
There is a stone staircase leading up here.
As you read the scroll of teleportation, it crumbles to dust.
You feel strangely unstable. The lemure barely misses you. The lemure hits you!
You die...

### ..#
#.# #.#
#.# #.#
#5# #@#
#.5......
#########


You could see 2 lemures.

Vanquished Creatures
  A gnoll (D:1)
  3 adders
  2 worms
  3 dart slugs
  2 leopard geckos (D:2)
  An orc (D:3)
  2 ball pythons
  5 giant cockroaches
  9 goblins
  6 hobgoblins
  3 jackals (D:3)
  8 bats
  4 frilled lizards
  6 kobolds
  11 rats
66 creatures vanquished.

Notes
Turn   | Place    | Note
-------+----------+-------------------------------------------
     0 | D:1      | raceaflais the Ogre Warper began the quest for the Orb.
     0 | D:1      | Reached XP level 1. HP: 22/22 MP: 3/3
   955 | D:1      | Reached XP level 2. HP: 23/29 MP: 5/5
   960 | D:1      | Reached skill level 3 in Fighting
  1583 | D:1      | Reached XP level 3. HP: 22/37 MP: 6/6
  1914 | D:2      | Reached skill level 1 in Short Blades
  1914 | D:2      | Reached skill level 1 in Long Blades
  1914 | D:2      | Reached skill level 1 in Axes
  1914 | D:2      | Reached skill level 1 in Maces & Flails
  1914 | D:2      | Reached skill level 1 in Staves
  1914 | D:2      | Reached skill level 1 in Slings
  1914 | D:2      | Reached skill level 1 in Bows
  1914 | D:2      | Reached skill level 1 in Crossbows
  1914 | D:2      | Reached skill level 1 in Armour
  1914 | D:2      | Reached skill level 1 in Stealth
  1914 | D:2      | Reached skill level 1 in Shields
  1914 | D:2      | Reached skill level 1 in Unarmed Combat
  1914 | D:2      | Reached skill level 1 in Conjurations
  1914 | D:2      | Reached skill level 1 in Hexes
  1914 | D:2      | Reached skill level 1 in Summonings
  1914 | D:2      | Reached skill level 1 in Necromancy
  1914 | D:2      | Reached skill level 1 in Transmutations
  1914 | D:2      | Reached skill level 1 in Fire Magic
  1914 | D:2      | Reached skill level 1 in Ice Magic
  1914 | D:2      | Reached skill level 1 in Air Magic
  1914 | D:2      | Reached skill level 1 in Earth Magic
  1914 | D:2      | Reached skill level 1 in Poison Magic
  1914 | D:2      | Reached skill level 1 in Evocations
  1914 | D:2      | Reached XP level 4. HP: 11/48 MP: 6/9
  2707 | D:2      | Found a glowing golden altar of the Shining One.
  2725 | D:2      | Reached skill level 4 in Fighting
  2725 | D:2      | Reached XP level 5. HP: 45/54 MP: 10/10
  2955 | D:1      | Found a basalt altar of Yredelemnul.
  4803 | D:3      | Found an iron altar of Okawaru.
  4898 | D:4      | Noticed Edmund
  4901 | D:4      | Got a bloodstained war axe
  4915 | D:4      | Identified the cursed +2 war axe of Invincibility {flame,
                  | +Rage rF++ rC-} (You found it on level 4 of the Dungeon)
  4951 | D:4      | Noticed a lemure
  4953 | D:4      | Noticed Pikel
  4953 | D:4      | Noticed a lemure
  4953 | D:4      | Noticed a lemure
  4954 | D:4      | Noticed a lemure
  4968 | D:5      | Entered Level 5 of the Dungeon
  4969 | D:5      | Slain by a lemure

Illustrated notes

Levels and vault maps discovered:
D:1:      sevenhm_arrival_forest_fort_small_6, layout_rooms, interstate_on_off,
          corexii_item_surrounded_by_moat
D:2:      layout_basic, overflow_temple_1_default,
          chequers_serial_rivers_micro_d
D:3:      layout_loops_ring, okawaru_metal_pillars_1_2
D:4:      layout_cave_pods, ashenzari_altar_1, uniq_pikel, uniq_edmund
D:5:      layout_loops_ring, kennysheep_slug_shrine

Skill      XL: |  1  2  3  4 |
---------------+-------------+-----
Fighting       | 3 4 |  4.1
Short Blades   | 1 |  1.2
Long Blades    | 1 |  1.2
Axes           | 1 |  1.3
Maces & Flails | 1 |  1.2
Polearms       | 3 |  3.6
Staves         | 1 |  1.3
Slings         | 1 |  1.0
Bows           | 1 |  1.0
Crossbows      | 1 |  1.3
Armour         | 1 |  1.7
Dodging        | 3 |  3.0
Stealth        | 1 |  1.2
Shields        | 1 |  1.5
Unarmed Combat | 1 |  1.2
Spellcasting   | 3 |  3.6
Conjurations   | 1 |  1.2
Hexes          | 1 |  1.2
Summonings     | 1 |  1.2
Necromancy     | 1 |  1.2
Translocations | 3 |  3.4
Transmutations | 1 |  1.2
Fire Magic     | 1 |  1.2
Ice Magic      | 1 |  1.2
Air Magic      | 1 |  1.2
Earth Magic    | 1 |  1.2
Poison Magic   | 1 |  1.2
Invocations    | 2 |  2.5
Evocations     | 1 |  1.1
Throwing       | |  1.8

Action                   |  1- 3 |  4- 6 || total
-------------------------+-------+-------++-------
Melee: Spear             |   120 |   152 ||   272
       Punch             |       |     2 ||     2
       War axe           |       |     4 ||     4
Throw: Boomerang         |       |     3 ||     3
 Abil: Stop Flying       |       |     1 ||     1
       Evoke Flight      |       |     1 ||     1
  Use: Potion            |     2 |     2 ||     4
       Scroll            |     1 |    13 ||    14
 Stab: Sleeping          |     1 |     1 ||     2
Armor: Robe              |    43 |    32 ||    75
Dodge: Dodged            |    66 |    55 ||   121
Block: Other             |       |    16 ||    16
